 Dungeon Crawl Stone Soup version 0.32-a0-909-gc671339a80 (webtiles) character file.

Game seed: 554520806314812608

709 ragingrage the Twirler (level 7, 0/45 HPs)
             Began as an Octopode Gladiator on Apr 6, 2024.
             Slain by a jelly (2 damage)
             ... on level 5 of the Dungeon.
             The game lasted 00:03:03 (3337 turns).

ragingrage the Twirler (Octopode Gladiator)         Turns: 3337, Time: 00:03:03

Health: 0/45       AC: -11   Str: 14    XL:     7   Next: 68%
Magic:  0/7        EV: 13    Int: 10    God:
Gold:   294        SH:  0    Dex: 21    Spells: 6/6 levels left

rFire   . . .        g - +2 quarterstaff (spect)
rCold   . . .        (shield currently unavailable)
rNeg    . . .        b - +0 hat
rPois   .            o - amulet of guardian spirit
rElec   .            x - +6 ring of dexterity
rCorr   .            (no ring)
SInv    .            (no ring)
Will    .....        (no ring)
Stlth   ++++         (no ring)
HPRegen 0.27/turn    (no ring)
MPRegen 0.10/turn    (no ring)
                     (no ring)

%: guardian spirit
@: corroded
A: almost no armour, amphibious, 8 rings, camouflage 1, gelatinous body 1,
(nimble swimmer 1), tentacles
a: no special abilities


You were on level 5 of the Dungeon.
You visited 1 branch of the dungeon, and saw 5 of its levels.

You collected 294 gold pieces.

Inventory:

Hand Weapons
 a - a +0 long sword
 g - a +2 spectral quarterstaff (weapon)
 t - a +0 short sword of venom
Missiles
 c - 3 throwing nets
 d - a javelin (quivered)
 h - 6 poisoned darts
Armour
 b - a +0 hat (worn)
Jewellery
 o - an amulet of guardian spirit (around mantle)
 x - a +6 ring of dexterity (left tentacle)
 z - a ring of fire
Talismans
 f - a maw talisman
 y - a serpent talisman
Scrolls
 e - a scroll of identify
 i - 5 scrolls of teleportation
 j - a scroll of revelation {unknown}
 k - a scroll of vulnerability {unknown}
 n - a scroll of enchant weapon {unknown}
 p - a scroll of noise {unknown}
 r - a scroll of summoning {unknown}
 s - a scroll of amnesia {unknown}
 v - a scroll of brand weapon {unknown}
Potions
 l - a potion of magic {unknown}
 m - a potion of invisibility {unknown}
 q - a potion of mutation {unknown}
 u - a potion of enlightenment {unknown}
 w - a potion of degeneration {unknown}


   Skills:
 - Level 2.0 Fighting
 - Level 3.1 Long Blades
 + Level 7.7 Staves
 - Level 2.0 Throwing
 - Level 3.0 Dodging
 - Level 3.0 Stealth


You had 6 spell levels left.
You didn't know any spells.
Your spell library contained the following spells:

 Spells                   Type           Power      Damage    Failure   Level
 Apportation              Tloc           0%         N/A       36%         1
 Jinxbite                 Hex            0%         N/A       50%         2
 Passwall                 Erth           0%         N/A       75%         3
 Volatile Blastmotes      Fire/Tloc      0%         2d10      75%         3
 Vhi's Electric Charge    Tloc/Air       0%         N/A       98%         4
 Alistair's Intoxication  Alch           0%         N/A       100%        5
 Bombard                  Conj/Erth      0%         9d1       100%        6
 Conjure Ball Lightning   Conj/Air       0%         3x3d6     100%        6
 Discord                  Hex            0%         N/A       100%        8
 Disjunction              Tloc           0%         N/A       100%        8


Dungeon Overview and Level Annotations

Branches:
Dungeon (5/15)
 Temple: D:4-7

Altars:
Trog
The Shining One

Annotations:
D:3 exclusions: orc priest and orc wizard
D:5 1 exclusion


Innate Abilities, Weirdness & Mutations

You cannot wear most types of armour.
You are amphibious.
You can wear up to eight rings at the same time.
Your skin changes colour to match your surroundings (Stealth+).
Your rubbery body absorbs attacks. (AC +1, EV +1)
((You are camouflaged when in or above water. (Stealth+)))
You have tentacles for arms and can constrict up to eight enemies at once.


Message History

Your +2 spectral quarterstaff disappears.
You see here a ribbon worm corpse.
No target in view!
No target in view!
You see here a +0 sling.
Really wriggle into a travel-excluded area?
You hear the hiss of a distant avalanche of sand.
The jelly quivers.
The jelly hits you.
You are splashed with acid!
Really wriggle into a travel-excluded area? [Y]es or [N]o only, please.
Really wriggle into a travel-excluded area?
You hit the jelly. The acid corrodes you!
Your tentacles burn!
Your +2 spectral quarterstaff completely misses the jelly.
The jelly hits you.
You are splashed with acid!
You hit the jelly. The acid corrodes you!
Your tentacles burn!
Your +2 spectral quarterstaff hits the jelly.
Your +2 spectral quarterstaff is burned by acid!
Your spectral weapon shares its damage with you!
The jelly hits you.
You are splashed with acid.
You hit the jelly. The acid corrodes you!
Your tentacles burn!
* * * LOW HITPOINT WARNING * * *
You squeeze the jelly.
Your +2 spectral quarterstaff hits the jelly.
Your +2 spectral quarterstaff is burned by acid!
Your spectral weapon shares its damage with you!
* * * LOW HITPOINT WARNING * * *
The jelly hits you.
* * * LOW HITPOINT WARNING * * *
You are splashed with acid!
* * * LOW HITPOINT WARNING * * *
Your +2 spectral quarterstaff disappears.
The jelly attacks as it pursues you! The jelly barely misses you.
Okay, then.
Okay, then.
As you read the scroll labelled USAETARIFA, it crumbles to dust.
It is a scroll of identify.
i - 5 scrolls of teleportation The jelly hits you.
You die...

.# #.# #.##.# #.# ##.###.. .# #.#
#.##.# #.# ###...##.. .# #<#
#.##.## #.# #....†..)) .# #.#
##.#...#####.# #.#...##.. .#
##.###.........##.# #..#.#.#..
.###...##..#...##.##.# #.##.....#
..................##.# #..###.#..
####...##.##..###.##.###.#.#.###.
##.###.##....@.<......##.# #. #.#
#.##....J....######## #. #..
#.#######.#### ###(#.# #.# .#.#
#.# #.#######.# #.........#
#########)# #.#


You could see a jelly.

Vanquished Creatures
  An ice beast (D:5)
  An ogre (D:4)
  A phantom (D:4)
  A scorpion (D:5)
  A gnoll sergeant (D:5)
  A bombardier beetle (D:5)
  2 jellies (D:4)
  An orc priest (D:4)
  A hound (D:5)
  2 orc wizards
  3 gnolls (D:5)
  5 adders
  2 ufetubi (D:5)
  A dart slug (D:1)
  2 ribbon worms
  8 orcs
  2 ball pythons
  6 endoplasms
  2 giant cockroaches
  4 goblins
  A hobgoblin (D:4)
  4 quokkas
  2 bats
  6 kobolds
  6 rats
66 creatures vanquished.

Notes
Turn   | Place    | Note
-------+----------+-------------------------------------------
     0 | D:1      | ragingrage the Octopode Gladiator began the quest for the
                  | Orb.
     0 | D:1      | Reached XP level 1. HP: 14/14 MP: 1/1
   154 | D:1      | Reached skill level 1 in Stealth
   416 | D:1      | Reached XP level 2. HP: 16/19 MP: 2/2
   549 | D:1      | Reached skill level 1 in Staves
   988 | D:2      | Reached XP level 3. HP: 24/24 MP: 3/3
  1066 | D:2      | Reached skill level 2 in Staves
  1434 | D:3      | Found a bloodstained altar of Trog.
  1828 | D:3      | Reached XP level 4. HP: 29/29 MP: 4/4
  1834 | D:3      | Reached skill level 3 in Staves
  2131 | D:4      | Reached XP level 5. HP: 18/34 MP: 5/5
  2271 | D:4      | Reached skill level 4 in Staves
  2316 | D:4      | Noticed a phantom
  2327 | D:4      | Killed a phantom
  2328 | D:4      | Reached skill level 5 in Staves
  2328 | D:4      | Reached XP level 6. HP: 24/39 MP: 6/6
  2661 | D:4      | Reached skill level 6 in Staves
  2900 | D:4      | Found a glowing golden altar of the Shining One.
  3059 | D:5      | Entered Level 5 of the Dungeon
  3061 | D:5      | Noticed an ice beast
  3067 | D:5      | Killed an ice beast
  3068 | D:5      | Reached XP level 7. HP: 37/45 MP: 5/7
  3208 | D:5      | Reached skill level 7 in Staves
  3335 | D:5      | HP: 2/45 [acid (7)]
  3337 | D:5      | Slain by a jelly

Illustrated notes

Levels and vault maps discovered:
D:1:      minmay_arrival_four_houses, layout_basic
D:2:      layout_basic, chequers_arboretum
D:3:      layout_basic, bloody_trog, minmay_misc_feat_alley, eino_curves_01,
          grunt_decor_fettered
D:4:      layout_loops_ring, nicolae_tso_carved_into_rock,
          serial_library_regret_index_small_wings, minmay_between
D:5:      layout_loops_ring, nicolae_ossuary_entry_giza,
          kennysheep_generic_room_14

Skill      XL: |  1  2  3  4  5  6  7 |
---------------+----------------------+-----
Stealth        | 1 2 3 |  3.0
Staves         | 1 2 3 5 6 7 |  7.7
Fighting       | |  2.0
Long Blades    | |  3.1
Throwing       | |  2.0
Dodging        | |  3.0

Action                     |  1- 3 |  4- 6 |  7- 9 || total
---------------------------+-------+-------+-------++-------
  Melee: Long sword        |    10 |       |       ||    10
         Quarterstaff      |    34 |    53 |    20 ||   107
         Constrict         |    11 |     9 |     7 ||    27
         Tentacles         |     6 |    16 |     5 ||    27
  Throw: Javelin           |       |     1 |       ||     1
    Use: Potion            |     2 |       |       ||     2
         Scroll            |       |       |     1 ||     1
   Stab: Sleeping          |     8 |     8 |     1 ||    17
         Distracted        |       |     1 |       ||     1
 Armour: Skin              |    17 |    17 |    13 ||    47
  Dodge: Dodged            |    25 |    17 |    18 ||    60

Table legend: (Time is in decaauts)
 A = Elapsed time spent in this place.
 B = Non-inter-level travel time spent in this place.
 C = Inter-level travel time spent in this place.
 D = Time resting spent in this place.
 E = Time spent auto-exploring this place.
 F = Levels seen in this place.
 G = Mean time per level.
                   A        B        C        D        E       F      G
               +--------+--------+--------+--------+--------+-----+--------+
         Total |   3348 |   3118 |    230 |      0 |   2528 |   5 |  669.6 |
       Dungeon |   3348 |   3118 |    230 |      0 |   2528 |   5 |  669.6 |
               +--------+--------+--------+--------+--------+-----+--------+

Top non-repeatable levels by time:
     D:4: 964 daAuts
     D:3: 851 daAuts
     D:2: 644 daAuts
     D:1: 636 daAuts
     D:5: 252 daAuts
